 Dungeon Crawl Stone Soup version 0.30-a0-989-g0d87f670db (webtiles) character file.

Game seed: 18330542267028276596

546 Newt the Trooper (level 7, -4/52 (56) HPs)
             Began as a Demonspawn Gladiator on Apr 3, 2023.
             Slain by a wight
             ... wielding a +5 halberd
              (16 damage)
             ... on level 4 of the Dungeon.
             The game lasted 00:03:20 (4368 turns).

Newt the Trooper (Demonspawn Gladiator)             Turns: 4368, Time: 00:03:20

HP:   -4/52 (56)    AC:  5    Str: 16    XL:     7   Next: 6%
MP:   7/7           EV: 13    Int:  9    God:
Gold: 211           SH:  0    Dex: 15    Spells: 6/6 levels left

rFire   + . .      SeeInvis .    a - +0 rapier (flame)
rCold   + . .      Faith    +    (no shield)
rNeg    . . .      Spirit   .    j - +0 leather armour {Will+}
rPois   .          Reflect  .    (helmet restricted)
rElec   .          Rampage  .    l - scarf {rC+ rF+}
rCorr   .                        (no gloves)
Will    +....                    (no boots)
Stlth   +                        i - amulet of faith
HPRegen 0.28/turn                (no ring)
MPRegen 0.10/turn                (no ring)

@: confused, ambrosia-drunk, flying, drained
A: antennae 1, slimy green scales 1, foul stench 1
a: no special abilities


You were on level 4 of the Dungeon.
You visited 1 branch of the dungeon, and saw 4 of its levels.

You collected 211 gold pieces.

Inventory:

Hand Weapons
 a - a +0 rapier of flaming (weapon)
Missiles
 d - 3 throwing nets
 e - 4 javelins
 m - 6 atropa-tipped darts
 n - 22 stones
 r - 6 boomerangs (quivered)
 u - 8 poisoned darts
Armour
 b - a +0 leather armour
 c - a +0 helmet
 j - a +0 leather armour of willpower (worn)
 l - a scarf of resistance (worn)
Jewellery
 i - an amulet of faith (around neck)
Wands
 t - a wand of light (8)
Scrolls
 p - a scroll of brand weapon
 q - a scroll of teleportation
Potions
 f - 2 potions of curing {unknown}
 h - a potion of flight
 k - 2 potions of degeneration {unknown}
 o - a potion of heal wounds {unknown}
 s - a potion of mutation {unknown}


   Skills:
 - Level 5.0 Fighting
 - Level 2.6 Short Blades
 + Level 4.8 Throwing
 - Level 4.0 Dodging


You had 6 spell levels left.
You didn't know any spells.
Your spell library contained the following spells:

 Spells                   Type           Power      Damage    Failure   Level
 Dazzling Flash           Conj/Hex       0%         N/A       83%         3
 Iskenderun's Mystic Bla  Conj/Tloc      0%         2d3       99%         4
 Starburst                Conj/Fire      0%         6d3       100%        6


Dungeon Overview and Level Annotations

Branches:
Dungeon (4/15)
 Temple: D:4-7

Altars:
Uskayaw
Wu Jian


Innate Abilities, Weirdness & Mutations

You have a pair of small antennae on your head.
You are partially covered in slimy green scales. (AC +2)
You may rarely emit foul miasma when damaged in melee.


Message History

Unknown command.
Throw: 6 javelins
Press: ? - help, Shift-Dir - straight line, f/p - wight
Aim: a wight, wielding a +5 halberd and wearing a +0 robe (heavily damaged, 63% to hit)
You throw a javelin.
The javelin pierces through the wight but does no damage.
The wight is severely damaged.
The javelin pierces through the wight!
You destroy the wight!
The javelin barely misses the wight.
The wight misses you.
Unknown command.
Unknown command.
Throw: 5 javelins
Press: ? - help, Shift-Dir - straight line, f/p - wight
Aim: a wight, wielding a +5 halberd and wearing a +0 robe (heavily damaged, 63% to hit)
You throw a javelin. The javelin pierces through the wight!
You destroy the wight!
The javelin closely misses the wight.
The wight hits you from afar with a +5 halberd!!
* * * LOW HITPOINT WARNING * * *
You feel drained.
* * * LOW HITPOINT WARNING * * *
The wight closely misses you. x2
You have reached level 7!
Unknown command.
You are confused.
You feel invigorated. The wight closely misses you. x2
Unknown command.
The wight attacks as you move away!
The wight hits you with a +2 short sword!
* * * LOW HITPOINT WARNING * * *
You feel drained.
* * * LOW HITPOINT WARNING * * *
Unknown command.
It was a potion of flight.
You feel very buoyant.
You fly up into the air.
The wight hits you from afar with a +5 halberd!
You die...

#. #. .# .#
.####.##.##.## #
... ......^.#
#.####.####.......#
#.........#.......#
####...##.#.......#
#(....)z.z........#
#...#####@........#
#..## ##........#
#..z. #........#
#.... #.#.######
#.).. #.#.#########
#....
####.#.........#
#....
#......).#####.#
###.. #......))#
#.# #........# #.#


You could see 2 wights.

Vanquished Creatures
  Sigmund (D:3)
  A scorpion (D:3)
  2 wights (D:4)
  2 orc priests
  Natasha (thrice) (D:3)
  2 adders (D:2)
  A worm (D:2)
  2 dart slugs
  5 orcs
  8 endoplasms
  2 giant cockroaches
  9 goblins
  4 hobgoblins
  2 jackals (D:2)
  9 kobolds
  A quokka (D:1)
  4 ball pythons
  6 bats
  5 frilled lizards
  4 rats (D:1)
73 creatures vanquished.

Vanquished Creatures (others)
  A plant (D:1)
1 creature vanquished.

Grand Total: 74 creatures vanquished

Notes
Turn   | Place    | Note
-------+----------+-------------------------------------------
     0 | D:1      | Newt the Demonspawn Gladiator began the quest for the Orb.
     0 | D:1      | Reached XP level 1. HP: 16/16 MP: 1/1
   165 | D:1      | Gained mutation: You have a pair of small antennae on your
                  | head. [demonic ancestry]
   165 | D:1      | Reached XP level 2. HP: 21/23 MP: 2/2
   475 | D:1      | Reached skill level 3 in Fighting
   921 | D:1      | Found a faded altar of an unknown god.
  1173 | D:2      | Gained mutation: You may rarely emit foul miasma when
                  | damaged in melee. [demonic ancestry]
  1173 | D:2      | Reached XP level 3. HP: 21/29 MP: 3/3
  2009 | D:2      | Reached skill level 4 in Fighting
  2704 | D:2      | Gained mutation: You are partially covered in slimy green
                  | scales. (AC +2) [demonic ancestry]
  2704 | D:2      | Reached XP level 4. HP: 30/38 MP: 4/4
  3154 | D:3      | Noticed Natasha
  3168 | D:3      | Killed Natasha
  3169 | D:3      | Reached skill level 5 in Fighting
  3280 | D:3      | Found an ornate altar of the Wu Jian Council.
  3359 | D:3      | Reached XP level 5. HP: 42/44 MP: 5/5
  3378 | D:3      | Noticed Natasha
  3382 | D:3      | Killed Natasha
  3463 | D:3      | Noticed Natasha
  3470 | D:3      | Killed Natasha
  3639 | D:3      | Found a hide-covered altar of Uskayaw.
  3685 | D:3      | Noticed Sigmund
  3696 | D:3      | Killed Sigmund
  3697 | D:3      | Reached XP level 6. HP: 16/51 MP: 6/6
  4366 | D:4      | Reached XP level 7. HP: 5/54 MP: 7/7
  4367 | D:4      | HP: 2/52 [wight/+2 short sword (1)]
  4368 | D:4      | Slain by a wight

Illustrated notes

Levels and vault maps discovered:
D:1:      psy_arrival_dodecagon, layout_loops_corners,
          ebering_ecumenical_altar_sacrificial, serial_forest,
          infiniplex_forest_straight_4, infiniplex_forest_clump_curved,
          infiniplex_forest_3_way, infiniplex_forest_corner_2,
          infiniplex_forest_clump_cross, infiniplex_forest_straight_3,
          infiniplex_forest_lined_2
D:2:      layout_basic
D:3:      layout_rooms, amcnicky_altar_gilded, mainiacjoe_overflow_alcove_4,
          uniq_sigmund, uniq_natasha
D:4:      layout_basic, marbit_many_paths

Skill      XL: |  1  2  3  4  5  6 |
---------------+-------------------+-----
Fighting       | 3 4 5 |  5.0
Dodging        | 3 4 |  4.0
Throwing       | 3 4 |  4.8
Short Blades   | |  2.6

Action                     |  1- 3 |  4- 6 |  7- 9 || total
---------------------------+-------+-------+-------++-------
  Melee: Rapier            |   153 |    89 |       ||   242
         Punch             |       |     2 |       ||     2
  Throw: Stone             |     1 |       |       ||     1
         Dart              |       |     1 |       ||     1
         Javelin           |       |     4 |       ||     4
    Use: Scroll            |     5 |     1 |       ||     6
         Potion            |       |       |     2 ||     2
 Armour: Leather armour    |    42 |    31 |       ||    73
  Dodge: Dodged            |    83 |    70 |     2 ||   155

Table legend: (Time is in decaauts)
 A = Elapsed time spent in this place.
 B = Non-inter-level travel time spent in this place.
 C = Inter-level travel time spent in this place.
 D = Time resting spent in this place.
 E = Time spent auto-exploring this place.
 F = Levels seen in this place.
 G = Mean time per level.
                   A        B        C        D        E       F      G
               +--------+--------+--------+--------+--------+-----+--------+
         Total |   4387 |   4098 |    289 |   1152 |   2382 |   4 | 1096.8 |
       Dungeon |   4387 |   4098 |    289 |   1152 |   2382 |   4 | 1096.8 |
               +--------+--------+--------+--------+--------+-----+--------+

Top non-repeatable levels by time:
     D:2: 1864 daAuts
     D:1: 1164 daAuts
     D:3: 1124 daAuts
     D:4: 234 daAuts
